 Dungeon Crawl Stone Soup version 0.24-a0-619-gb7544fd237 (webtiles) character file.

Game seed: 16069875979209568381, levelgen mode: deterministic

44 Oninnaise the Cudgeler (level 3, -2/31 HPs)
             Began as a Demonspawn Chaos Knight on Sept 17, 2019.
             Was a Plaything of Xom.
             Slain by a killer bee (5 damage)
             ... on level 2 of the Dungeon.
             The game lasted 00:02:11 (1318 turns).

Oninnaise the Cudgeler (Demonspawn Chaos Knight)    Turns: 1318, Time: 00:02:11

Health: -2/31      AC:  6    Str: 13    XL:     3   Next: 39%
Magic:  3/3        EV: 11    Int: 13    God:    Xom [.....*]
Gold:   65         SH:  0    Dex: 14    Spells: 2/2 levels left

rFire    . . .     SeeInvis .   a - +0 mace (chaos)
rCold    . . .     Gourm    .   (no shield)
rNeg     . . .     Faith    .   b - +3 leather armour
rPois    .         Spirit   .   (helmet restricted)
rElec    .         Reflect  .   (no cloak)
rCorr    .         Harm     .   (no gloves)
MR       .....     Clarity  +   (no boots)
Stlth    +.........             (no amulet)
HPRegen  0.10/turn              (no ring)
MPRegen  0.08/turn              (no ring)

@: lethally poisoned (-2 -> -12), hasted, very quick
A: hooves 1, horns 2, agile 1, blink, clarity, demonic guardian 1, robust 1,
MP-powered wands
a: Blink, Renounce Religion


You were on level 2 of the Dungeon.
You worshipped Xom.
You were Xom's teddy bear.
You were not hungry.

You visited 1 branch of the dungeon, and saw 2 of its levels.

You collected 65 gold pieces.

Inventory:

Hand Weapons
 a - a +0 mace of chaos (weapon)
Armour
 b - a +3 leather armour (worn)
Scrolls
 d - a scroll of amnesia {unknown}
Potions
 e - 2 potions of haste
Comestibles
 c - 2 rations


   Skills:
 - Level 3.0 Fighting
 + Level 4.0 Maces & Flails
 - Level 1.7 Armour
 - Level 0.8 Dodging
 + Level 0.2 Stealth


You had 2 spell levels left.
You didn't know any spells.
Your spell library was empty.

Dungeon Overview and Level Annotations

Branches:
Dungeon (2/15)

Altars:


Innate Abilities, Weirdness & Mutations

You have large cloven feet.
A weak demonic guardian rushes to your aid.
You have a pair of horns on your head.
You are agile. (Dex +2)
You can translocate small distances at will.
You possess an exceptional clarity of mind.
You are robust. (+10% HP)
You expend magic power (3 MP) to strengthen your wands.


Message History

You feel sick.
Your white imp hits the killer bee.
Your white imp freezes the killer bee.
The killer bee stings you.
You are lethally poisoned!
The killer bee poisons you!
You feel sick.
Okay, then.
It was a potion of haste.
You feel yourself speed up.
Xom thinks this is hilarious!
You feel sick. Something stings your white imp. The killer bee stings you.
* * * LOW HITPOINT WARNING * * *
You miss the killer bee. You kick the killer bee.
The killer bee is lightly wounded.
* * * LOW HITPOINT WARNING * * *
You feel sick. The killer bee barely misses you.
The killer bee closely misses your shadow imp.
The killer bee completely misses your white imp.
Your white imp completely misses the killer bee.
The killer bee stings you.
You die...
Xom roars with laughter!

###.#.#...†...............#.#
#.#.#.#####.#.#.#.#####.#.#
####.#.#.# #.#.#.#... #.#
.....#.#.# #.#.#.#.### #.#
######.#.# #.#.#.#.. #.#
.......#.# #.#.#.#######.
########.#####.#.y....yy...
................5#y########
#########.####..@y5........ #
#.(......)......######## #
#.####.########## ####.# #.#
.....# #.# ####.# #.#
#########.# ..........#
#########.#


You could see 3 killer bees, a friendly white imp and a friendly shadow imp.

Vanquished Creatures
  An ooze (D:1)
  3 dart slugs (D:1)
  A giant cockroach (D:1)
  5 goblins
  2 hobgoblins (D:1)
  7 jackals
  A ball python (D:1)
  3 bats (D:1)
  A frilled lizard (D:1)
  5 kobolds
  5 rats (D:1)
34 creatures vanquished.

Vanquished Creatures (others)
  A hobgoblin (D:1)
1 creature vanquished.

Grand Total: 35 creatures vanquished

Notes
Turn   | Place    | Note
-------+----------+-------------------------------------------
     0 | D:1      | Oninnaise the Demonspawn Chaos Knight began the quest for
                  | the Orb.
     0 | D:1      | Reached XP level 1. HP: 18/18 MP: 1/1
    24 | D:1      | Reached skill level 3 in Maces & Flails
    90 | D:1      | Gained mutation: You have large cloven feet. [demonic
                  | ancestry]
    90 | D:1      | Reached XP level 2. HP: 24/24 MP: 2/2
   448 | D:1      | XOM: mild Conj miscast
   814 | D:1      | XOM: destruction
   914 | D:1      | XOM: give mutations
   914 | D:1      | Gained mutation: You possess an exceptional clarity of
                  | mind. [Xom's grace]
   914 | D:1      | Gained mutation: You are agile. (Dex +2) [Xom's grace]
   914 | D:1      | Gained mutation: You can translocate small distances at
                  | will. [Xom's grace]
   914 | D:1      | Gained mutation: You expend magic power (3 MP) to
                  | strengthen your wands. [Xom's grace]
   927 | D:1      | Gained mutation: A weak demonic guardian rushes to your
                  | aid. [demonic ancestry]
   927 | D:1      | Reached XP level 3. HP: 29/29 MP: 3/3
  1085 | D:1      | XOM: give mutations
  1085 | D:1      | Gained mutation: You have a pair of small horns on your
                  | head. [Xom's grace]
  1085 | D:1      | Gained mutation: You have a pair of horns on your head.
                  | [Xom's grace]
  1085 | D:1      | Gained mutation: You are robust. (+10% HP) [Xom's grace]
  1117 | D:2      | Reached skill level 4 in Maces & Flails
  1310 | D:2      | Noticed a killer bee
  1310 | D:2      | Noticed a killer bee
  1311 | D:2      | Noticed a killer bee
  1312 | D:2      | Noticed a killer bee
  1318 | D:2      | Slain by a killer bee

Levels and vault maps discovered:
D:1:      eino_arrival_druids_welcome, layout_basic, minmay_ruptured
D:2:      layout_basic, grunt_temple_overflow_octagram

Skill      XL: |  1  2  3 |
---------------+----------+-----
Maces & Flails | 3 4 |  4.0
Fighting       | |  3.0
Armour         | |  1.7
Dodging        | |  0.8
Stealth        | |  0.2

Action                   || total
-------------------------++-------
Melee: Mace              ||    75
       Kick              ||    11
       Headbutt          ||     2
  Use: Scroll            ||     3
       Potion            ||     1
  Eat: Ration            ||     1
Armor: Leather armour    ||    81
Dodge: Dodged            ||    92

Table legend:
 A = Non-vault XP
 B = Vault XP
 C = Vault XP percentage of total XP
 D = Non-vault monster count
 E = Vault monster count
 F = Vault count percentage of total count
                 A         B        C        D         E       F
            +---------+---------+-------+---------+---------+-------
      Total |      61 |       2 |   3.2 |      32 |       2 |   5.9
            +---------+---------+-------+---------+---------+-------
        D:1 |      51 |       2 |   3.8 |      27 |       2 |   6.9
        D:2 |      10 |       0 |   0.0 |       5 |       0 |   0.0
            +---------+---------+-------+---------+---------+-------
